 Dungeon Crawl Stone Soup version 0.25-a0-781-gc44aebf4fe (webtiles) character file.

Game seed: 12499096561832514931, levelgen mode: deterministic

81229 Bapho the Sharpshooter (level 15, -1/201 HPs)
             Began as a Minotaur Berserker on Apr 15, 2020.
             Was a High Priest of Trog.
             Slain by an emperor scorpion (18 damage)
             ... on level 2 of the Lair of Beasts.
             The game lasted 01:04:27 (27617 turns).

Bapho the Sharpshooter (Minotaur Berserker)        Turns: 27617, Time: 01:04:27

Health: -1/201     AC: 25    Str: 29    XL:     15   Next: 26%
Magic:  14/14      EV: 12    Int:  4    God:    Trog [*****.]
Gold:   2842       SH:  0    Dex:  9    Spells: 14/14 levels left

rFire    + . .     SeeInvis .   W - +2 executioner's axe (venom)
rCold    . . .     Gourm    .   (shield currently unavailable)
rNeg     . . .     Faith    .   u - +2 plate armour {rF+}
rPois    +         Spirit   .   (helmet restricted)
rElec    .         Reflect  .   J - +0 cloak (curse)
rCorr    .         Harm     .   i - +1 pair of gloves
MR       +....                  (no boots)
Stlth    ..........             C - amulet of the acrobat
HPRegen  0.43/turn              m - ring of poison resistance
MPRegen  0.14/turn              d - +4 ring of protection

@: berserking (expiring), very quick
A: retaliatory headbutt, horns 2
a: Berserk, Trog's Hand, Brothers in Arms, Renounce Religion


You were on level 2 of the Lair of Beasts.
You worshipped Trog.
Trog was extremely pleased with you.
You were not hungry.

You visited 4 branches of the dungeon, and saw 21 of its levels.
You also visited: Ice Cave.

You collected 2842 gold pieces.

Inventory:

Hand Weapons
 a - a +1 whip of electrocution
 b - a +0 arbalest
 p - the +2 morningstar of Chaos {antimagic, Str+5 Int-2}
   (Trog gifted it to you on level 6 of the Lair of Beasts)

   It reduces the magical energy of the wielder, and disrupts the spells and
   magical abilities of those hit.
   Natural abilities and divine invocations are not affected.
   It affects your strength (+5).
   It affects your intelligence (-2).
 T - a +1 broad axe of flaming
 W - a +2 executioner's axe of venom (weapon)
Missiles
 l - 141 bolts
 D - 40 boomerangs (quivered)
Armour
 i - a +1 pair of gloves (worn)
 u - a +2 plate armour of fire resistance (worn)
 J - a cursed +0 cloak (worn)
Jewellery
 d - a +4 ring of protection (right hand)
 g - an uncursed ring of protection from magic
 m - a ring of poison resistance (left hand)
 z - an uncursed ring of protection from fire
 C - an amulet of the acrobat (around neck)
 E - an uncursed ring of protection from cold
 F - a +3 ring of dexterity
 G - a cursed amulet of inaccuracy {unknown}
 L - an uncursed ring of flight
 Y - an uncursed amulet of rage {unknown}
Wands
 e - a wand of iceblast (14)
 h - a wand of disintegration (16)
 O - a wand of digging (7)
 Z - a wand of enslavement (9)
Scrolls
 j - 7 scrolls of remove curse
 k - 2 scrolls of enchant weapon
 n - 7 scrolls of amnesia
 o - 8 scrolls of teleportation
 q - 4 scrolls of immolation {unknown}
 w - 4 scrolls of enchant armour {unknown}
 y - 2 scrolls of fear {unknown}
 B - 4 scrolls of magic mapping
 H - a scroll of holy word {unknown}
 Q - 3 scrolls of blinking {unknown}
 S - 2 scrolls of vulnerability {unknown}
 V - 2 scrolls of acquirement {unknown}
Potions
 r - 4 potions of heal wounds
 t - 2 potions of brilliance
 x - 2 potions of resistance
 A - 4 potions of haste
 I - 3 potions of flight
 K - 3 potions of mutation
 N - 3 potions of berserk rage
 P - 8 potions of curing
 R - a potion of invisibility
 U - 2 potions of might
 X - a potion of cancellation
Comestibles
 c - 29 rations


   Skills:
 - Level 12.4 Fighting
 + Level 9.8(12.0) Axes
 - Level 11.5(12.9) Maces & Flails
 - Level 18.0 Crossbows
 - Level 12.2 Armour
 - Level 11.3 Dodging


You had 14 spell levels left.
You didn't know any spells.
Your spell library contained the following spells:

 Spells                   Type           Power        Failure   Level  Hunger
 Animate Skeleton         Necr           N/A          98%         1    ##.....
 Beastly Appendage        Tmut           #.....       98%         1    ##.....
 Infusion                 Chrm           #...         98%         1    ##.....
 Magic Dart               Conj           #...         98%         1    ##.....
 Pain                     Necr           #...         98%         1    ##.....
 Shock                    Conj/Air       #...         98%         1    ##.....
 Searing Ray              Conj           #.....       99%         2    ###....
 Shroud of Golubria       Chrm/Tloc      #.....       99%         2    ###....
 Song of Slaying          Chrm           #.......     99%         2    ###....
 Sticks to Snakes         Tmut           #.......     99%         2    ###....
 Swiftness                Chrm/Air       #.......     99%         2    ###....
 Dazzling Flash           Conj/Hex       #.....       100%        3    ####...
 Ozocubu's Armour         Chrm/Ice       #.......     100%        3    ####...
 Spectral Weapon          Hex/Chrm       #.......     100%        3    ####...
 Spider Form              Tmut/Pois      #.........   100%        3    ####...
 Static Discharge         Conj/Air       #.......     100%        3    ####...
 Vampiric Draining        Necr           #.........   100%        3    ####...
 Airstrike                Air            #.........   100%        4    #####..
 Animate Dead             Necr           N/A          100%        4    #####..
 Fulminant Prism          Conj/Hex       #.........   100%        4    #####..
 Ice Form                 Ice/Tmut       #.......     100%        4    #####..
 Iskenderun's Mystic Bla  Conj/Tloc      #.......     100%        4    #####..
 Agony                    Necr           #.......     100%        5    ######.
 Blade Hands              Tmut           #.........   100%        5    ######.
 Lightning Bolt           Conj/Air       #.........   100%        5    ######.


Dungeon Overview and Level Annotations

Branches:
Dungeon (12/15)            Temple (0/1) D:4            Lair (6/6) D:9
 Shoals (0/4) Lair:3       Spider (1/4) Lair:2        Slime (0/5) Lair:6
    Orc (2/2) D:11            Elf (0/3) Orc:2         IceCv (visited)

Altars:
Ashenzari
Fedhas
Kikubaaqudgha
Nemelex Xobeh
Qazlal
Trog
Uskayaw
Xom
Yredelemnul
Zin
Beogh
Jiyva

Shops:
Orc:2 *[=(

Annotations:
D:8 2 transporters
D:10 1 runed translucent door
Spider:1 Frances


Innate Abilities, Weirdness & Mutations

You reflexively headbutt those who attack you in melee.
You have a pair of horns on your head.


Message History

Your headbutt misses the emperor scorpion.
The emperor scorpion is severely wounded.
The emperor scorpion stings you!
* * * LOW HITPOINT WARNING * * *
The emperor scorpion claws you but does no damage. x2
You hit the emperor scorpion.
The emperor scorpion is severely wounded.
The emperor scorpion stings you but does no damage.
The emperor scorpion closely misses you.
The emperor scorpion claws you but does no damage.
You closely miss the emperor scorpion. You headbutt the emperor scorpion!
The emperor scorpion is severely wounded.
The emperor scorpion stings you!
* * * LOW HITPOINT WARNING * * *
The emperor scorpion misses you. The emperor scorpion claws you.
* * * LOW HITPOINT WARNING * * *
You barely miss the emperor scorpion. You headbutt the emperor scorpion.
The emperor scorpion is almost dead.
The emperor scorpion stings you!!
You die...

##..#.P...............
#.....................
##....................
#.##.####............#
#.#### #.............
###### #.........)..#
###.####.............
##...................#
#...s@.......^........
##....................
#......P####.#.#.....
#.......##.#####.....
##.......###..#P#.....
#.....................
##....................
#................##..
#...............####.


You could see an emperor scorpion.

Vanquished Creatures
  2 orc warlords (Orc:2)
  The ghost of Ryummano the Grappler, a journeyman TrSk of Okawaru (Lair:5)
  An entropy weaver (Spider:1)
  Nessos (D:12)
  A fire dragon (Lair:6)
  Fannar (Lair:3)
  Harold (D:11)
  2 hydras (Lair:6)
  Erica (D:8)
  3 death yaks (Lair:5)
  2 two-headed ogres
  A centaur warrior (D:11)
  3 orc high priests (Orc:2)
  Sonja (Lair:3)
  3 unseen horrors
  A deep elf archer (D:12)
  Pikel (D:8)
  4 orc knights
  8 orc sorcerers (Orc:2)
  An oklob plant (Lair:2)
  6 wolf spiders
  2 cyclopes
  A manticore (D:11)
  2 ugly things (IceCv)
  Maurice (D:12)
  3 black mambas
  Psyche (D:10)
  18 elephants
  2 torpor snails (Lair:5)
  10 spiny frogs
  3 ice statues (IceCv)
  Maggie (Lair:2)
  5 komodo dragons
  15 rime drakes
  A yaktaur (D:11)
  2 demonic crawlers (Lair:2)
  2 kobold demonologists (D:11)
  6 trolls
  4 jumping spiders
  A queen bee (D:8)
  A hornet (D:11)
  7 slime creatures
  8 hippogriffs
  The ghost of Rubbish the Slinger, an amateur HaHu of Nemelex Xobeh (D:5)
  A meliai zombie (D:11)
  9 dream sheep
  4 wyverns
  A shadow (D:11)
  18 redbacks
  A wraith (D:11)
  41 yaks
  5 tarantellas
  2 basilisks
  3 hungry ghosts (D:11)
  6 steam dragons (Lair:6)
  A vampire mosquito (D:11)
  5 wargs
  An acid dragon (D:11)
  7 water moccasins
  6 porcupines
  9 ice beasts
  43 orc warriors
  3 black bears
  A sky beast (D:9)
  4 phantoms
  An eye of draining (D:12)
  9 ogres
  3 wolves (Lair:6)
  6 centaurs
  2 necrophages (D:11)
  7 crocodiles
  3 big kobolds
  15 bullfrogs
  A wyvern skeleton (D:11)
  A scorpion (D:8)
  9 killer bees (D:8)
  A wight (D:11)
  5 electric eels
  8 howler monkeys
  6 crimson imps
  3 centaur skeletons
  7 jellies
  30 orc wizards
  30 orc priests
  9 hounds
  A bullfrog skeleton (D:6)
  An iguana (D:8)
  13 worker ants
  2 worker ant zombies
  11 gnolls
  11 adders
  2 river rats
  A shadow imp (D:12)
  8 oozes
  An adder zombie (D:9)
  An adder skeleton (D:4)
  3 worms
  2 dart slugs
  7 leopard geckos
  128 orcs
  7 bats
  4 giant cockroaches
  4 goblins
  7 hobgoblins
  15 jackals
  14 kobolds
  7 quokkas
  3 frilled lizards
  A rat (D:3)
  3 plants
726 creatures vanquished.

Vanquished Creatures (collateral kills)
  3 orc warriors (Orc:2)
  An orc (Orc:2)
4 creatures vanquished.

Vanquished Creatures (others)
  A slave (D:8)
  A sky beast (D:8)
  An orc priest (Orc:2)
  A gnoll shaman (D:9)
  An orc wizard (D:6)
  An adder (D:9)
  2 gnolls (D:9)
  A jackal (D:9)
  A quokka (D:8)
  A fungus (Lair:6)
  8 plants
19 creatures vanquished.

Grand Total: 749 creatures vanquished

Notes
Turn   | Place    | Note
-------+----------+-------------------------------------------
     0 | D:1      | Bapho the Minotaur Berserker began the quest for the Orb.
     0 | D:1      | Reached XP level 1. HP: 19/19 MP: 0/0
   142 | D:1      | Reached XP level 2. HP: 22/27 MP: 1/1
  1798 | D:2      | Found a faded altar of an unknown god.
  1807 | D:2      | Reached XP level 3. HP: 23/33 MP: 2/2
  2086 | D:2      | Reached XP level 4. HP: 34/40 MP: 3/3
  2265 | D:2      | Found a hide-covered altar of Uskayaw.
  2625 | D:3      | Reached skill level 5 in Axes
  2881 | D:3      | Reached XP level 5. HP: 47/47 MP: 4/4
  2941 | D:3      | Reached skill level 1 in Maces & Flails
  3013 | D:3      | Reached ** piety under Trog
  3664 | D:4      | Found a staircase to the Ecumenical Temple.
  3738 | D:4      | Found a sparkling altar of Nemelex Xobeh.
  3738 | D:4      | Found a basalt altar of Yredelemnul.
  3944 | D:4      | Noticed a phantom
  3973 | D:4      | Killed a phantom
  3973 | D:4      | Reached XP level 6. HP: 53/53 MP: 5/5
  4026 | D:4      | Found a blossoming altar of Fedhas.
  4033 | D:4      | Found an ancient bone altar of Kikubaaqudgha.
  4334 | D:5      | Entered Level 5 of the Dungeon
  4351 | D:5      | Found a runed translucent door.
  4398 | D:5      | Found a runed translucent door.
  4399 | D:5      | Noticed Rubbish's ghost (amateur HaHu)
  4557 | D:5      | Reached skill level 5 in Maces & Flails
  4617 | D:5      | Found a shattered altar of Ashenzari.
  4707 | D:5      | Killed Rubbish's ghost
  4707 | D:5      | Reached XP level 7. HP: 60/60 MP: 6/6
  5513 | D:6      | Reached XP level 8. HP: 67/67 MP: 7/7
  5632 | D:6      | Reached skill level 10 in Maces & Flails
  5646 | D:6      | Reached *** piety under Trog
  6877 | D:8      | Noticed Erica
  6904 | D:8      | Killed Erica
  6904 | D:8      | Reached skill level 5 in Armour
  6904 | D:8      | Reached XP level 9. HP: 22/75 MP: 8/8
  7201 | D:8      | Reached skill level 5 in Dodging
  7375 | D:8      | Noticed Pikel
  7383 | D:8      | Killed Pikel
  7605 | D:8      | Noticed a brown ugly thing
  7607 | D:8      | Noticed an ogre mage
  7608 | D:8      | Found a transporter.
  7608 | D:8      | Noticed a meliai
  7609 | D:8      | Noticed a deep elf archer
  7880 | D:8      | Noticed a queen bee
  7917 | D:8      | Killed a queen bee
  7917 | D:8      | Reached XP level 10. HP: 81/88 MP: 9/9
  7929 | D:8      | Reached **** piety under Trog
  8123 | D:8      | Found a transporter.
  8167 | D:8      | Found a glowing silver altar of Zin.
  9047 | D:9      | Found a staircase to the Lair.
  9776 | D:9      | Found a stormy altar of Qazlal.
  9868 | D:9      | Found a bloodstained altar of Trog.
 10216 | D:10     | Entered Level 10 of the Dungeon
 10441 | D:10     | Noticed Psyche
 10454 | D:10     | Killed Psyche
 10454 | D:10     | Reached ***** piety under Trog
 10454 | D:10     | Received a gift from Trog
 10463 | D:10     | Found a glowing silver altar of Zin.
 10600 | D:10     | Found a runed translucent door.
 10600 | D:10     | Noticed a sixfirhy
 10762 | D:10     | Reached skill level 10 in Fighting
 10895 | D:10     | Killed an unseen horror
 10895 | D:10     | Reached XP level 11. HP: 99/99 MP: 10/10
 11021 | D:11     | Reached skill level 10 in Armour
 11229 | D:11     | Noticed a centaur warrior
 11238 | D:11     | Killed a centaur warrior
 11283 | D:11     | Noticed a two-headed ogre
 11310 | D:11     | Found a frozen archway.
 11325 | D:11     | Killed a two-headed ogre
 11420 | IceCv    | Entered an ice cave
 11468 | IceCv    | Noticed a white ugly thing
 11489 | IceCv    | Killed a white ugly thing
 11584 | IceCv    | Reached skill level 10 in Dodging
 11586 | IceCv    | Noticed a white ugly thing
 11971 | IceCv    | Killed a white ugly thing
 12104 | D:11     | Found the +8 demon blade "Leech" {vamp, *Rage +Rage rN+}
 12258 | D:11     | Killed an unseen horror
 12286 | D:11     | Reached skill level 1 in Crossbows
 12293 | D:11     | Reached skill level 2 in Crossbows
 12305 | D:11     | Reached XP level 12. HP: 106/110 MP: 11/11
 12371 | D:11     | Reached skill level 3 in Crossbows
 12385 | D:11     | Reached skill level 4 in Crossbows
 12653 | D:11     | Reached skill level 5 in Crossbows
 12989 | D:11     | Found a shimmering altar of Xom.
 13059 | D:11     | Found a staircase to the Orcish Mines.
 13109 | D:11     | Found a shimmering altar of Xom.
 13119 | D:11     | Received a gift from Trog
 13124 | D:11     | Reached skill level 6 in Crossbows
 13139 | D:11     | Noticed Harold
 13188 | D:11     | Killed Harold
 13403 | D:11     | Reached skill level 7 in Crossbows
 13490 | D:12     | Noticed Maurice
 13683 | D:12     | Killed Maurice
 13703 | D:11     | Reached skill level 8 in Crossbows
 13952 | D:12     | Reached skill level 9 in Crossbows
 14272 | D:12     | Noticed Nessos
 14281 | D:12     | Killed Nessos
 14281 | D:12     | Reached skill level 10 in Crossbows
 14652 | D:12     | Received a gift from Trog
 14779 | D:12     | Reached skill level 11 in Crossbows
 14972 | D:12     | Noticed a two-headed ogre
 14984 | D:12     | Killed a two-headed ogre
 15219 | Lair:1   | Entered Level 1 of the Lair of Beasts
 15562 | Lair:1   | Reached XP level 13. HP: 97/116 MP: 12/12
 16307 | Lair:2   | Noticed Maggie
 16311 | Lair:2   | Killed Maggie
 16311 | Lair:2   | Reached skill level 12 in Crossbows
 16547 | Lair:2   | Found a hole to the Spider Nest.
 16841 | Lair:2   | Received a gift from Trog
 17328 | Lair:3   | Found a staircase to the Shoals.
 17405 | Lair:3   | Noticed Fannar
 17424 | Lair:3   | Killed Fannar
 17743 | Lair:3   | Noticed Sonja
 17755 | Lair:3   | Killed Sonja
 17757 | Lair:3   | Reached skill level 13 in Crossbows
 19223 | Lair:5   | Found a runed translucent door.
 19228 | Lair:5   | Noticed Ryummano's ghost (journeyman TrSk)
 19333 | Lair:5   | Reached skill level 14 in Crossbows
 19649 | Lair:5   | Reached skill level 15 in Crossbows
 20443 | Lair:5   | Killed Ryummano's ghost
 20472 | Lair:6   | Entered Level 6 of the Lair of Beasts
 20790 | Lair:6   | Received a gift from Trog
 21058 | Lair:6   | Reached XP level 14. HP: 124/124 MP: 13/13
 21109 | Lair:6   | Reached skill level 16 in Crossbows
 21843 | Lair:6   | Reached skill level 17 in Crossbows
 22203 | Lair:6   | Received a gift from Trog
 22566 | Lair:6   | Found a viscous altar of Jiyva.
 22567 | Lair:6   | Found a staircase to the Slime Pits.
 22579 | Lair:6   | Got a fine morningstar {god gift}
 22581 | Lair:6   | Identified the +2 morningstar of Chaos {antimagic, Str+5
                  | Int-2} (Trog gifted it to you on level 6 of the Lair of
                  | Beasts)
 23097 | Orc:1    | Entered Level 1 of the Orcish Mines
 23116 | Orc:1    | Found a roughly hewn altar of Beogh.
 23471 | Orc:2    | Entered Level 2 of the Orcish Mines
 23520 | Orc:2    | Paralysed by an orc sorcerer for 5 turns
 23937 | Orc:2    | Reached skill level 18 in Crossbows
 24021 | Orc:2    | Noticed an orc warlord
 24056 | Orc:2    | Killed an orc warlord
 24145 | Orc:2    | Received a gift from Trog
 24576 | Orc:2    | Noticed an orc warlord
 24621 | Orc:2    | Killed an orc warlord
 25099 | Orc:2    | Received a gift from Trog
 25133 | Orc:2    | Found a staircase to the Elven Halls.
 25604 | Orc:2    | Reached XP level 15. HP: 127/133 MP: 14/14
 25761 | Orc:2    | Found Meots's General Store.
 25761 | Orc:2    | Found Qexzy's Jewellery Emporium.
 25766 | Orc:2    | Found Tialoago's Antique Armour Emporium.
 25766 | Orc:2    | Found Uxtoof's Antique Weapon Shoppe.
 26121 | Spider:1 | Entered Level 1 of the Spider Nest
 26169 | Lair:2   | HP: 6/134 [poisoned by a redback]
 26175 | Lair:2   | HP: 6/134 [poisoned by a redback]
 27368 | Lair:2   | Received a gift from Trog
 27589 | Spider:1 | Noticed Frances
 27617 | Lair:2   | Slain by an emperor scorpion

Levels and vault maps discovered:
D:1:      wander_arrival_chamber, layout_basic, serial_rivers,
          chequers_serial_rivers_small_a, chequers_serial_rivers_marsh,
          chequers_serial_rivers_marsh, chequers_serial_rivers_small_3,
          chequers_serial_rivers_micro_b, chequers_serial_rivers_micro_a
D:2:      layout_basic, lemuel_doored_altar, chequers_ecumenical_altar_simple,
          first_ration
D:3:      layout_loops_cross
D:4:      layout_gridville, grunt_temple_overflow_growth_and_decay,
          gammafunk_temple_overflow_elements, minmay_temple_entry_tees
D:5:      layout_basic, ashenzari_altar_1, ebering_ghost_sewer_f,
          kennysheep_flooded_box
D:6:      layout_rooms
D:7:      layout_loops_ring, grunt_ministairs_7
D:8:      gammafunk_sealed_arena, layout_loops_ring, kennysheep_mini,
          serial_bayou, serial_bayou_pond_b, serial_bayou_ford_a,
          serial_bayou_lagoon_a, serial_bayou_crossing,
          hangedman_little_slice_of_home, nicolae_looking_at_the_future,
          uniq_erica, uniq_pikel
D:9:      lemuel_ice_spiral_2, layout_basic, lightli_temple_of_fire,
          grunt_qazlal_clouds, erik_lair_orcish_takeover
D:10:     cheibrodos_shockbox, layout_basic, basic_altar,
          kennysheep_generic_room_12, uniq_psyche
D:11:     minmay_the_grid_4x2 [minmay_the_grid_stretched_grid,
          minmay_the_grid_outer_circle, minmay_the_grid_doors,
          minmay_the_grid_large_cup, minmay_the_grid_spikes,
          minmay_the_grid_box_x, minmay_the_grid_minigrid_small_alt,
          minmay_the_grid_prize_shrinking_boxes], layout_long_grid,
          hiddenorc2_lemuel, portal_ice_cave_entry_pillars_1,
          hangedman_feature_mirror, fountainhead, uniq_harold
D:12:     layout_loops_ring, special_room [special_room_orc],
          ebering_dispersal_statue_hall, uniq_nessos, uniq_maurice
Lair:1:   layout_chaotic_city
Lair:2:   layout_small_grid, dummy_spider_entry, minmay_lair_oklob_chamber,
          lemuel_fruit_fields, uniq_maggie
Lair:3:   layout_cave_pods, elwin_shoals_entry_rocks, uniq_sonja, uniq_fannar
Lair:4:   layout_regular_city, grunt_megastairs_5
Lair:5:   beast_lair_carwin_large_1, layout_concentric_octagons,
          ebering_ghost_reflecting_pool, pond
Lair:6:   due_jungle_book, layout_regular_city, dpeg_slime_entry_enclosed_altar,
          st_stairs_11, bobbens_dragon_lair_wall, lemuel_fruit_tree,
          serial_bayou_shore_a, serial_bayou_shore_b, grunt_megastairs_3
Spider:1: layout_spider_delve, nicolae_spider_circle_web, uniq_frances
Orc:1:    layout_diamond_mine, mines1_david
Orc:2:    st_orc_congregation, layout_caves

Skill      XL: |  1  2  3  4  5  6  7  8  9 10 11 12 13 14 15 |
---------------+----------------------------------------------+-----
Axes           | 4 5 7 9 |  9.8
Fighting       | 4 6 7 10 11 12 | 12.4
Armour         | 3 5 7 9 11 12 | 12.2
Dodging        | 3 4 6 9 10 11 | 11.3
Maces & Flails | 4 7 9 11 | 11.5
Crossbows      | 2 11 15 18 | 18.0

Action                   |  1- 3 |  4- 6 |  7- 9 | 10-12 | 13-15 || total
-------------------------+-------+-------+-------+-------+-------++-------
Melee: Hand axe          |    62 |    30 |       |       |       ||    92
       Headbutt          |     8 |    25 |    57 |   157 |   224 ||   471
       Whip              |       |    85 |   303 |   743 |   825 ||  1956
       Broad axe         |       |       |       |       |    12 ||    12
       Executioner's axe |       |       |       |       |    58 ||    58
 Fire: Arbalest          |       |       |       |   109 |   344 ||   453
Throw: Stone             |    19 |   109 |    30 |       |       ||   158
       Boomerang         |       |       |    84 |   114 |    44 ||   242
Invok: Berserk           |     1 |     2 |     1 |    13 |    16 ||    33
       Trog's Hand       |       |       |       |     4 |     5 ||     9
       Brothers in Arms  |       |       |       |       |     1 ||     1
  Use: Scroll            |       |     5 |     2 |     6 |    15 ||    28
       Potion            |       |       |       |       |     2 ||     2
  Eat: Ration            |     1 |     1 |     1 |     3 |     6 ||    12
       Chunk             |       |     7 |     7 |    30 |    37 ||    81
Armor: Animal skin       |     6 |       |       |       |       ||     6
       Scale mail        |       |    13 |       |       |       ||    13
       Plate armour      |       |    37 |   102 |   243 |   527 ||   909
Dodge: Dodged            |    36 |    49 |    72 |   313 |   548 ||  1018

Table legend:
 A = Non-vault XP
 B = Vault XP
 C = Vault XP percentage of total XP
 D = Non-vault monster count
 E = Vault monster count
 F = Vault count percentage of total count
                 A         B        C        D         E       F
            +---------+---------+-------+---------+---------+-------
      Total |   68037 |   48005 |  41.4 |     466 |     262 |  36.0
            +---------+---------+-------+---------+---------+-------
        D:1 |      31 |       0 |   0.0 |      16 |       0 |   0.0
        D:2 |      95 |       0 |   0.0 |      16 |       0 |   0.0
        D:3 |     151 |       0 |   0.0 |      29 |       0 |   0.0
        D:4 |     149 |       0 |   0.0 |       5 |       0 |   0.0
        D:5 |     443 |     369 |  45.4 |      11 |       6 |  35.3
        D:6 |     793 |       0 |   0.0 |      19 |       0 |   0.0
        D:7 |     200 |     127 |  38.8 |       6 |       3 |  33.3
        D:8 |    1357 |    2614 |  65.8 |      29 |      22 |  43.1
        D:9 |    1346 |     598 |  30.8 |      28 |       7 |  20.0
       D:10 |    2875 |     680 |  19.1 |      22 |       7 |  24.1
       D:11 |    4089 |    8362 |  67.2 |      23 |      64 |  73.6
       D:12 |    5723 |    2807 |  32.9 |      42 |      27 |  39.1
     Lair:1 |    3195 |       0 |   0.0 |      13 |       0 |   0.0
     Lair:2 |    8888 |    1004 |  10.1 |      34 |       2 |   5.6
     Lair:3 |    1029 |    1839 |  64.1 |       4 |       2 |  33.3
     Lair:4 |    3585 |     775 |  17.8 |      14 |       2 |  12.5
     Lair:5 |    4543 |    5614 |  55.3 |      18 |      14 |  43.8
     Lair:6 |   15133 |    8553 |  36.1 |      47 |      25 |  34.7
   Spider:1 |    4842 |       0 |   0.0 |      13 |       0 |   0.0
      Orc:1 |    1869 |       0 |   0.0 |      19 |       0 |   0.0
      Orc:2 |    7701 |   11473 |  59.8 |      58 |      70 |  54.7
      IceCv |       0 |    3190 | 100.0 |       0 |      11 | 100.0
            +---------+---------+-------+---------+---------+-------
